 Dungeon Crawl Stone Soup version 0.14-a0-1444-g21dc12d (webtiles) character file.

887 4tharraofdagon the Firebug (level 7, -4/67 HPs)
             Began as an Ogre Fire Elementalist on Dec 13, 2013.
             Was a Follower of Makhleb.
             Slain by a gnoll (8 damage)
             ... on Level 6 of the Dungeon.
             The game lasted 00:08:53 (1494 turns).

4tharraofdagon the Firebug (Ogre Fire Elementalist) Turns: 1494, Time: 00:08:53

HP  -4/67        AC  3     Str 14      XL: 7   Next: 69%
MP   2/17        EV 10     Int 16      God: Makhleb [*.....]
Gold 172         SH  0     Dex 10      Spells:  4 memorised,  1 level left

rFire  . . .     SeeInvis .     (no weapon)
rCold  . . .     Clarity  .     a - +0 robe
rNeg   . . .     Conserve .     (shield restricted)
rPois  .         rCorr    .     (helmet restricted)
rElec  .         rRot     .     (no cloak)
SustAb . .       Spirit   .     (gloves unavailable)
rMut   .         Warding  .     (boots unavailable)
Saprov + . .     Stasis   .     (no amulet)
                                (no ring)
                                (no ring)

@: about to teleport, very slightly contaminated, hasted, very quick, slightly
resistant to hostile enchantments, unstealthy
A: unfitting armour, fast metabolism 1, saprovore 1, tough skin 1
a: Renounce Religion


You were on level 6 of the Dungeon.
You worshipped Makhleb.
Makhleb was aware of your devotion.
You were very hungry.

You visited 1 branch of the dungeon, and saw 7 of its levels.

You collected 172 gold pieces.

Inventory:

Armour
 a - a +0 robe (worn)
 o - the +2 scale mail of Unambiguity {rPois rC+ Dam+3 SInv Curse, unknown}
   (You found it on level 6 of the Dungeon)

   It affects your damage-dealing abilities (+3).
   It protects you from cold.
   It protects you from poison.
   It enhances your eyesight.
   It may recurse itself.
Magical devices
 h - a wand of enslavement (6)
Comestibles
 c - 2 meat rations
 l - a bread ration
 r - a chunk of worm flesh
Scrolls
 d - a scroll of immolation {unknown}
 i - a scroll of curse weapon {unknown}
 j - a scroll of enchant weapon II {unknown}
 m - a scroll of recharging {unknown}
 n - a scroll of blinking {unknown}
 p - a scroll of remove curse {unknown}
 q - 2 scrolls of identify {unknown}
Jewellery
 f - an uncursed amulet of resist mutation {unknown}
Books
 b - a book of Flames

   Spells                             Type                      Level
   *Flame Tongue                      Conjuration/Fire             1
   Throw Flame                        Conjuration/Fire             2
   *Conjure Flame                     Conjuration/Fire             3
   Inner Flame                        Hexes/Fire                   3
   *Sticky Flame                      Conjuration/Fire             4
   *Fireball                          Conjuration/Fire             5


   Skills:
 + Level 3.3 Fighting
 - Level 1.7 Dodging
 - Level 1.5 Stealth
 + Level 4.3 Spellcasting
 * Level 3.6 Conjurations
 * Level 4.3 Fire Magic


You had one spell level left.
You knew the following spells:

 Your Spells              Type           Power        Failure   Level  Hunger
a - Flame Tongue          Conj/Fire      ###..        3%          1    None
b - Conjure Flame         Conj/Fire      ###.....     12%         3    ###....
c - Sticky Flame          Conj/Fire      ###.....     34%         4    ####...
d - Fireball              Conj/Fire      ###.......   85%         5    #####..


Dungeon Overview and Level Annotations

Branches:
Dungeon (7/16)
 Temple: D:4-7

Altars:
Makhleb
Yredelemnul


Innate Abilities, Weirdness & Mutations

You are too large for most types of armour.
You have a fast metabolism.
You can tolerate rotten meat.
You have tough skin (AC +1).


Message History

It hits you.
* * * LOW HITPOINT WARNING * * *
The goliath beetle is engulfed in roaring flames.
The goliath beetle bites you.
* * * LOW HITPOINT WARNING * * *
Unknown command.
Unknown command.
Unknown command.
Casting: Sticky Flame
Confirm with . or Enter, or press ? or * to list all spells.
Aiming: Sticky Flame
Press: ? - help, Shift-Dir - straight line, f/p - goliath beetle
Aim: a goliath beetle (flame, severely wounded)
You miscast Sticky Flame.
You smell smoke.
You are feeling very hungry.
It hits you but does no damage. The gnoll barely misses you.
Unknown command.
Drink which item? (? for menu, Esc to quit)
You feel yourself speed up.
It was a potion of speed.
It hits you!
You die...

#............
#....########
#..(.#.....>.
#............
######...##.......
#g.......##.......
#h####...#########
#B# #...# #@#
##..# #{# #..# #g#
..# #g# B.# #.#
... #.# #.# #.#
#.#


You could see a goliath beetle, a hound, 2 gnolls and a goblin.

Vanquished Creatures
  Grinder (D:4)
  Eustachio (D:4)
  A sky beast (D:6)
  A phantom (D:4)
  A centaur (D:7)
  4 adders
  A worm (D:6)
  2 giant geckos (D:3)
  An orc (D:4)
  A ball python (D:4)
  8 bats
  A bat skeleton (D:5)
  2 goblins
  7 hobgoblins
  An ooze (D:4)
  A quokka (D:4)
  A giant newt (D:5)
  A kobold (D:1)
  7 rats
43 creatures vanquished.

Notes
Turn   | Place    | Note
--------------------------------------------------------------
     0 | D:1      | 4tharraofdagon, the Ogre Fire Elementalist, began the quest for the Orb.
     0 | D:1      | Reached XP level 1. HP: 16/16 MP: 3/3
    75 | D:1      | Reached skill level 1 in Conjurations
   179 | D:1      | Reached XP level 2. HP: 13/24 MP: 3/5
   362 | D:4      | You fall through a shaft!
   362 | D:5      | Entered Level 5 of the Dungeon
   368 | D:5      | Reached XP level 3. HP: 18/31 MP: 1/6
   388 | D:5      | Learned a level 3 spell: Conjure Flame
   398 | D:5      | Found a burning altar of Makhleb.
   516 | D:4      | Noticed Grinder
   520 | D:4      | Paralysed by it for 5 turns
   558 | D:5      | Became a worshipper of Makhleb the Destroyer
   701 | D:4      | Killed Grinder
   701 | D:4      | Reached skill level 3 in Spellcasting
   701 | D:4      | Reached XP level 4. HP: 39/39 MP: 0/10
   701 | D:4      | Reached XP level 5. HP: 45/45 MP: 0/11
   701 | D:4      | Reached XP level 6. HP: 53/53 MP: 0/13
   837 | D:4      | Learned a level 4 spell: Sticky Flame
   846 | D:4      | Found a basalt altar of Yredelemnul.
   847 | D:4      | Noticed Eustachio
   859 | D:4      | Killed Eustachio
   859 | D:4      | Reached skill level 1 in Fighting
   938 | D:4      | Noticed a phantom
   957 | D:4      | Killed a phantom
   957 | D:4      | Reached skill level 4 in Fire Magic
   957 | D:4      | Reached XP level 7. HP: 51/66 MP: 0/15
  1196 | D:6      | Got a slimy scale mail
  1325 | D:6      | Acquired Makhleb's first power
  1455 | D:6      | Learned a level 5 spell: Fireball
  1487 | D:6      | HP: 3/67 [gnoll/halberd of freezing (2)]
  1490 | D:6      | wojtek: oj :-/
  1492 | D:6      | HP: 3/67 [goliath beetle (4)]
  1494 | D:6      | Slain by a gnoll

Action                   |  1- 3 |  4- 6 |  7- 9 || total
-------------------------+-------+-------+-------++-------
Melee: Unarmed           |    13 |     4 |    13 ||    30
 Cast: Flame Tongue      |    32 |    25 |    25 ||    82
       Conjure Flame     |     1 |     2 |     3 ||     6
       Sticky Flame      |       |       |     2 ||     2
Evoke: Wand              |       |     1 |     3 ||     4
  Use: Potion            |       |       |     4 ||     4
       Scroll            |       |       |     1 ||     1
